 Dungeon Crawl Stone Soup version 0.27-a0-978-g2aa4ecdaef (webtiles) character file.

Game seed: 2934922562567669214

74 leviel the Skirmisher (level 4, 0/41 HPs)
             Began as a Minotaur Fighter on Apr 14, 2021.
             Was an Initiate of Okawaru.
             Slain by Terence
             ... wielding a +0 flail
              (4 damage)
             ... on level 3 of the Dungeon.
             The game lasted 00:03:24 (2119 turns).

leviel the Skirmisher (Minotaur Fighter)            Turns: 2119, Time: 00:03:25

Health: 0/41       AC:  9    Str: 21    XL:     4   Next: 9%
Magic:  3/3        EV: 10    Int:  5    God:    Okawaru [......]
Gold:   45         SH:  0    Dex: 10    Spells: 3/3 levels left

rFire    . . .     SeeInvis .   h - +3 quarterstaff
rCold    . . .     Faith    .   (shield currently unavailable)
rNeg     . . .     Spirit   .   i - +4 ring mail
rPois    .         Reflect  .   (helmet restricted)
rElec    .         Harm     .   (no cloak)
rCorr    .         Rampage  .   (no gloves)
Will     .....                  (no boots)
Stlth    ..........             (no amulet)
HPRegen  0.13/turn              (no ring)
MPRegen  0.08/turn              (no ring)

@: no status effects
A: horns 2, retaliatory headbutt
a: Renounce Religion


You were on level 3 of the Dungeon.
You worshipped Okawaru.
Okawaru was noncommittal.
You visited 1 branch of the dungeon, and saw 3 of its levels.

You collected 78 gold pieces.
You spent 33 gold pieces at shops.

Inventory:

Hand Weapons
 a - a +0 trident
 h - a +3 quarterstaff (weapon)
Armour
 c - a +0 kite shield
 i - a +4 ring mail (worn)
Scrolls
 k - 2 scrolls of identify {unknown}
 l - a scroll of acquirement {unknown}
Potions
 b - 2 potions of heal wounds {unknown}
 d - a potion of might
 f - a potion of mutation {unknown}
 j - 2 potions of curing


   Skills:
 + Level 4.3 Fighting
 + Level 3.1(3.3) Polearms
 + Level 1.5(2.5) Staves
 + Level 4.3 Armour
 + Level 0.2 Dodging
 + Level 4.0 Shields


You had 3 spell levels left.
You didn't know any spells.
Your spell library contained the following spells:

 Spells                   Type           Power      Damage    Failure   Level
 Confusing Touch          Hex            0%         N/A       94%         3
 Gell's Gravitas          Tloc           0%         N/A       94%         3
 Petrify                  Tmut/Erth      0%         N/A       100%        4
 Metabolic Englaciation   Hex/Ice        0%         N/A       100%        5
 Yara's Violent Unravell  Hex/Tmut       0%         3d3       100%        5


Dungeon Overview and Level Annotations

Branches:
Dungeon (3/15)

Altars:
Ashenzari
Dithmenos
Kikubaaqudgha
Nemelex Xobeh
Okawaru
Wu Jian

Shops:
D:2 !

Annotations:
D:3 3 runed translucent doors, Terence; bilbop's ghost, amateur DjVM


Innate Abilities, Weirdness & Mutations

You have a pair of horns on your head.
You reflexively headbutt those who attack you in melee.


Message History

The orc wizard shouts!
You hit Terence but do no damage.
You hear a shout!
Terence closely misses you. You furiously retaliate!
You headbutt Terence.
An orc comes into view. It is wielding a +0 short sword.
You closely miss Terence. You headbutt Terence.
Terence is moderately wounded.
The orc wizard points at itself and mumbles some strange words.
The orc wizard flickers and vanishes!
Deactivating autopickup; reactivate with Ctrl-A.
Terence hits you with a +0 flail!
You are too injured to fight recklessly!
You are too injured to fight recklessly!
You are too injured to fight recklessly!
You are too injured to fight recklessly!
You are too injured to fight recklessly!
You are too injured to fight recklessly!
You are too injured to fight recklessly!
You are too injured to fight recklessly!
You are too injured to fight recklessly!
You are too injured to fight recklessly!
You are too injured to fight recklessly!
You are too injured to fight recklessly!
You are too injured to fight recklessly!
Unknown command.
As you read the scroll labelled YCISTY ORHI, it crumbles to dust.
The creatures around you are filled with an inner flame!
It was a scroll of immolation.
The orc priest calls down the wrath of Beogh upon you.
Beogh smites you!
* * * LOW HITPOINT WARNING * * *
Terence barely misses you.
The orc priest mumbles some strange prayers to Beogh against you.
Beogh smites you!
* * * LOW HITPOINT WARNING * * *
As you read the scroll labelled FECVEUN DABA, it crumbles to dust.
It is a scroll of enchant armour.
Your +3 ring mail glows green for a moment.
Terence hits you with a +0 flail.
You die...

.................#
.................#
.................#
...........##...#
............#...#
............#†..#
.....o.......)..###
....o.oo.@........#
.....###+#@.......#
.....#............#
.... #............#
....#.............#
... +............## #
#.............#.####.
##...................
............##########
........<............


You could see Terence (inner flame), an orc priest (inner flame) and 3 orcs.

Vanquished Creatures
  2 adders
  3 dart slugs
  3 bats
  5 endoplasms
  3 giant cockroaches
  2 goblins
  7 hobgoblins
  4 jackals (D:3)
  2 kobolds
  2 quokkas
  5 ball pythons
  3 frilled lizards
  3 rats
44 creatures vanquished.

Notes
Turn   | Place    | Note
-------+----------+-------------------------------------------
     0 | D:1      | leviel the Minotaur Fighter began the quest for the Orb.
     0 | D:1      | Reached XP level 1. HP: 19/19 MP: 0/0
   498 | D:1      | Reached XP level 2. HP: 25/27 MP: 1/1
  1017 | D:2      | Reached XP level 3. HP: 31/33 MP: 2/2
  1072 | D:2      | Found Ucojinn's Distillery.
  1080 | D:2      | Bought a potion of curing for 33 gold pieces
  1231 | D:2      | Found a faded altar of an unknown god.
  1689 | D:3      | Noticed an ice beast
  1697 | D:3      | Found a shadowy altar of Dithmenos.
  1697 | D:3      | Found a sparkling altar of Nemelex Xobeh.
  1705 | D:3      | Found an ancient bone altar of Kikubaaqudgha.
  1707 | D:3      | Found an iron altar of Okawaru.
  1709 | D:3      | Found an ornate altar of the Wu Jian Council.
  1716 | D:3      | Became a worshipper of Warmaster Okawaru
  1747 | D:3      | Noticed bilbop's ghost (amateur DjVM)
  1749 | D:3      | Found a runed translucent gate.
  1758 | D:3      | Found a runed translucent gate.
  1758 | D:3      | Found a runed translucent gate.
  1828 | D:3      | Reached skill level 1 in Staves
  1843 | D:3      | Reached XP level 4. HP: 37/41 MP: 3/3
  1956 | D:3      | Found a broken altar of Ashenzari.
  2109 | D:3      | Noticed Terence
  2119 | D:3      | Slain by Terence

Illustrated notes

Levels and vault maps discovered:
D:1:      dpeg_arrival_ternary, layout_rooms, lemuel_old_faithful
D:2:      layout_basic, serial_shops, nicolae_shop_statue_plus,
          basic_ecumenical_altar, minmay_crystal_room
D:3:      minmay_door_path, layout_basic, lemuel_coloured_pillars_altar,
          chequers_temple_overflow_minitemple, gammafunk_ghost_split,
          uniq_terence

Skill      XL: |  1  2  3 |
---------------+----------+-----
Fighting       | 4 |  4.3
Armour         | 4 |  4.3
Shields        | 4 |  4.0
Polearms       | 3 |  3.1
Staves         | 1 |  1.5
Dodging        | |  0.2

Action                   |  1- 3 |  4- 6 || total
-------------------------+-------+-------++-------
Melee: Trident           |    30 |       ||    30
       Quarterstaff      |    55 |    13 ||    68
       Headbutt          |     6 |     3 ||     9
  Use: Scroll            |       |     2 ||     2
Armor: Scale mail        |    18 |       ||    18
       Ring mail         |    16 |     5 ||    21
Dodge: Dodged            |    37 |     5 ||    42
Block: Kite shield       |     6 |       ||     6

Table legend: (Time is in decaauts)
 A = Elapsed time spent in this place.
 B = Non-inter-level travel time spent in this place.
 C = Inter-level travel time spent in this place.
 D = Time resting spent in this place.
 E = Time spent auto-exploring this place.
 F = Levels seen in this place.
 G = Mean time per level.
                   A        B        C        D        E       F      G
               +--------+--------+--------+--------+--------+-----+--------+
         Total |   2145 |   2056 |     89 |    288 |   1478 |   3 |  715.0 |
       Dungeon |   2145 |   2056 |     89 |    288 |   1478 |   3 |  715.0 |
               +--------+--------+--------+--------+--------+-----+--------+

Top non-repeatable levels by time:
     D:1: 887 daAuts
     D:2: 805 daAuts
     D:3: 452 daAuts
